 Dungeon Crawl Stone Soup version 0.27-a0-1217-g8a41f320e8 (webtiles) character file.

Game seed: 13949575946316686581

274 lightspider the Skirmisher (level 6, -6/56 HPs)
             Began as a Hill Orc Fighter on June 6, 2021.
             Was an Initiate of Beogh.
             Mangled by an ogre
             ... wielding a +0 giant club
              (22 damage)
             ... on level 4 of the Dungeon.
             The game lasted 00:07:19 (3516 turns).

lightspider the Skirmisher (Hill Orc Fighter)       Turns: 3516, Time: 00:07:20

Health: -6/56      AC:  8    Str: 21    XL:     6   Next: 24%
Magic:  6/6        EV:  8    Int:  8    God:    Beogh [......]
Gold:   153        SH:  9    Dex: 10    Spells: 5/5 levels left

rFire    . . .     SeeInvis .   a - +0 long sword
rCold    . . .     Faith    .   c - +0 kite shield
rNeg     . . .     Spirit   .   b - +1 scale mail
rPois    .         Reflect  .   (no helmet)
rElec    .         Harm     .   (no cloak)
rCorr    .         Rampage  .   (no gloves)
Will     .....                  (no boots)
Stlth    ..........             (no amulet)
HPRegen  0.18/turn              (no ring)
MPRegen  0.10/turn              (no ring)

@: mighty
A: no striking features
a: Renounce Religion


You were on level 4 of the Dungeon.
You worshipped Beogh.
Beogh was noncommittal.
You visited 1 branch of the dungeon, and saw 4 of its levels.

You collected 153 gold pieces.

Inventory:

Hand Weapons
 a - a +0 long sword (weapon)
Missiles
 j - 4 poisoned darts (quivered)
Armour
 b - a +1 scale mail (worn)
 c - a +0 kite shield (worn)
Scrolls
 l - a scroll of magic mapping {unknown}
Potions
 e - a potion of mutation {unknown}
 f - 2 potions of attraction {unknown}
 g - 2 potions of curing {unknown}
 h - a potion of heal wounds {unknown}
 i - a potion of haste {unknown}
 k - a potion of flight {unknown}


   Skills:
 + Level 5.1 Fighting
 + Level 3.9 Long Blades
 + Level 4.6 Armour
 + Level 2.2 Dodging
 - Level 3.2 Shields


You had 5 spell levels left.
You didn't know any spells.
Your spell library contained the following spells:

 Spells                   Type           Power      Damage    Failure   Level
 Magic Dart               Conj           0%         1d3       99%         1
 Searing Ray              Conj           0%         3d3       100%        2
 Dazzling Flash           Conj/Hex       0%         N/A       100%        3
 Fulminant Prism          Conj/Hex       0%         3d6       100%        4
 Iskenderun's Mystic Bla  Conj/Tloc      0%         2d3       100%        4


Dungeon Overview and Level Annotations

Branches:
Dungeon (4/15)
 Temple: D:4-7

Altars:

Shops:
D:2 =


Message History

There is an open door here.
There is a stone staircase leading down here.
You climb downwards.
An ogre comes into view. It is wielding a +0 giant club.
Found four items.
There is a stone staircase leading up here.
Throw: 5 darts (poison)
Press: ? - help, Q - select action Shift-Dir - straight line, f - ogre
Aim: an ogre, wielding a +0 giant club (72% to hit)
You throw a poisoned dart.
The poisoned dart barely misses the ogre.
You slash the ogre!
The ogre is moderately wounded.
You block the ogre's attack.
You hit the ogre.
The ogre is heavily wounded.
You block the ogre's attack.
Your shield prevents you from hitting the ogre.
The ogre is heavily wounded.
You block the ogre's attack.
You barely miss the ogre.
The ogre is heavily wounded.
The ogre hits you but does no damage.
You hit the ogre but do no damage.
The ogre is heavily wounded.
You block the ogre's attack.
You hit the ogre.
The ogre is severely wounded.
The ogre hits you with a +0 giant club!!
Ouch! That really hurt!
The ogre hits you with a +0 giant club!
* * * LOW HITPOINT WARNING * * *
You feel very mighty all of a sudden.
You closely miss the ogre.
The ogre is severely wounded.
The ogre closely misses you.
You barely miss the ogre.
The ogre is severely wounded.
The ogre hits you with a +0 giant club!!
You die...

.# #.(.#...
.#....#..#
##.#...#..#
.##....?....##
...!.........
#......."
#[.O.# #..@.#
#....# #.#.##
#.#.# # #.#
... #.. #..


You could see an ogre.

Vanquished Creatures
  A black bear (D:2)
  A scorpion (D:3)
  2 orc wizards
  An adder (D:2)
  A worm (D:2)
  A dart slug (D:2)
  7 ball pythons
  5 endoplasms
  2 giant cockroaches
  5 hobgoblins
  2 jackals
  5 kobolds
  3 quokkas
  4 bats
  3 frilled lizards
  4 rats
47 creatures vanquished.

Vanquished Creatures (others)
  A water moccasin zombie (D:3)
  An orc (D:3)
  A jackal (D:3)
  A kobold (D:3)
  A plant (D:2)
5 creatures vanquished.

Grand Total: 52 creatures vanquished

Notes
Turn   | Place    | Note
-------+----------+-------------------------------------------
     0 | D:1      | lightspider the Hill Orc Fighter began the quest for the
                  | Orb.
     0 | D:1      | Reached XP level 1. HP: 19/19 MP: 1/1
   403 | D:1      | Found a faded altar of an unknown god.
   597 | D:1      | Reached XP level 2. HP: 27/27 MP: 2/2
  1096 | D:2      | Found Nuir's Jewellery Boutique.
  1214 | D:2      | Reached skill level 4 in Fighting
  1394 | D:2      | Reached XP level 3. HP: 33/33 MP: 3/3
  1537 | D:2      | Reached skill level 1 in Dodging
  1985 | D:3      | Became a worshipper of Beogh the Brigand
  2226 | D:2      | Reached XP level 4. HP: 21/40 MP: 4/4
  2582 | D:3      | Noticed a black bear
  2620 | D:2      | Killed a black bear
  2621 | D:2      | Reached XP level 5. HP: 23/47 MP: 5/5
  3126 | D:3      | Reached skill level 5 in Fighting
  3126 | D:3      | Reached XP level 6. HP: 56/56 MP: 6/6
  3516 | D:4      | Mangled by an ogre

Illustrated notes

Levels and vault maps discovered:
D:1:      ncdulo_wetmaze, layout_loops_corners,
          shapermc_ecumenical_altar_starsandcircs, minmay_misc_feat_tiny
D:2:      layout_loops_ring, serial_shops, shop, chequers_big_river,
          serial_park_tiny_1
D:3:      layout_basic
D:4:      layout_loops_ring, minmay_temple_entry_statues_pillars,
          chequers_serial_rivers_micro_c

Skill      XL: |  1  2  3  4  5 |
---------------+----------------+-----
Fighting       | 4 5 |  5.1
Dodging        | 1 2 |  2.2
Long Blades    | 3 |  3.9
Armour         | 4 |  4.6
Shields        | |  3.2

Action                   |  1- 3 |  4- 6 || total
-------------------------+-------+-------++-------
Melee: Long sword        |    95 |    55 ||   150
Throw: Dart              |       |     1 ||     1
Invok: Convert to Beogh  |     1 |       ||     1
  Use: Scroll            |     6 |       ||     6
       Potion            |       |     1 ||     1
Armor: Scale mail        |    61 |    32 ||    93
Dodge: Dodged            |    29 |    21 ||    50
Block: Kite shield       |    32 |    43 ||    75
       Rpst.: Long sword |     9 |     6 ||    15

Table legend: (Time is in decaauts)
 A = Elapsed time spent in this place.
 B = Non-inter-level travel time spent in this place.
 C = Inter-level travel time spent in this place.
 D = Time resting spent in this place.
 E = Time spent auto-exploring this place.
 F = Levels seen in this place.
 G = Mean time per level.
                   A        B        C        D        E       F      G
               +--------+--------+--------+--------+--------+-----+--------+
         Total |   3624 |   3490 |    134 |    439 |   2426 |   4 |  906.0 |
       Dungeon |   3624 |   3490 |    134 |    439 |   2426 |   4 |  906.0 |
               +--------+--------+--------+--------+--------+-----+--------+

Top non-repeatable levels by time:
     D:2: 1597 daAuts
     D:3: 1046 daAuts
     D:1: 966 daAuts
     D:4: 14 daAuts
